 Dungeon Crawl Stone Soup version 0.27-a0-385-g3208abaabc (webtiles) character file.

Game seed: 15684825818894365358

222714 littlecub the Unseen (level 18, -10/90 HPs)
             Began as a Spriggan Enchanter on Feb 17, 2021.
             Was an Initiate of Gozag.
             Mangled by a tentacle (19 damage)
             ... attached to a kraken
             ... on level 3 of the Shoals on Feb 19, 2021.
             The game lasted 02:49:58 (46952 turns).

littlecub the Unseen (Spriggan Enchanter)          Turns: 46952, Time: 02:49:58

Health: -10/90     AC: 12    Str: 15    XL:     18   Next: 54%
Magic:  44/44      EV: 26    Int: 31    God:    Gozag
Gold:   2056       SH:  8    Dex: 17    Spells: 1/40 levels left

rFire    + . .     SeeInvis +   T - +0 dagger (elec)
rCold    + + .     Faith    .   b - +0 buckler
rNeg     . . .     Spirit   .   z - +0 robe {rC+}
rPois    .         Reflect  .   r - +3 hat of Pondering {ponderous, Will+ MP+10 Int+5}
rElec    .         Harm     .   W - +2 cloak {rF+}
rCorr    .         Rampage  .   (gloves unavailable)
Will     ++++.                  (boots unavailable)
Stlth    +++++++...             s - amulet "Eri Ywuw" {RegenMP Str+5}
HPRegen  0.25/turn              U - +6 ring of intelligence
MPRegen  0.54/turn              J - ring of Gayheol {rC+ AC+4 Int+3}

@: marked, studying Armour, very quick
A: very small, unfitting armour, see invisible, speed 3, subdued magic 1
}: 1/15 runes: gossamer
a: Renounce Religion, Potion Petition, Call Merchant, Bribe Branch


You were on level 3 of the Shoals.
You worshipped Gozag.
Gozag was most pleased with you.
You visited 8 branches of the dungeon, and saw 33 of its levels.
You also visited: Bailey, Ice Cave and Volcano.

You collected 12504 gold pieces.
You spent 7556 gold pieces at shops.
You paid 2892 gold pieces to Gozag.

Inventory:

Hand Weapons
 P - the +4 whip "Didod" {venom, rElec rPois rF++ Will-}
   (You found it on level 2 of the Lair of Beasts)

   It poisons the flesh of those it strikes.
   It greatly protects you from fire.
   It insulates you from electricity.
   It protects you from poison.
   It affects your willpower, your defense against some magical effects.
 T - a +0 dagger of electrocution (weapon)
Missiles
 l - 133 poisoned darts
Armour
 a - the +9 swamp dragon scales of the Good {rPois Dex+7}
   (You bought it in a shop on level 2 of the Orcish Mines)

   It affects your dexterity (+7).
   It protects you from poison.
 b - a +0 buckler (worn)
 p - a +2 hat of stealth
 r - the +3 hat of Pondering (worn) {ponderous, Will+ MP+10 Int+5}
   (You acquired it on level 11 of the Dungeon)

   It affects your intelligence (+5).
   It affects your willpower, your defense against some magical effects.
   It affects your magic capacity (+10).
 z - a +0 robe of cold resistance (worn)
 W - a +2 cloak of fire resistance (worn)
Jewellery
 s - the amulet "Eri Ywuw" (around neck) {RegenMP Str+5}
   (You acquired it on level 3 of the Spider Nest)

   [amulet of magic regeneration]

   It increases your magic regeneration.
   It affects your strength (+5).
 J - the ring of Gayheol (right hand) {rC+ AC+4 Int+3}
   (You bought it in a shop on level 4 of the Dungeon)

   [ring of protection]

   It affects your AC (+4).
   It affects your intelligence (+3).
   It protects you from cold.
 U - a +6 ring of intelligence (left hand)
Wands
 o - a wand of digging (12)
 q - a wand of iceblast (34)
 u - a wand of acid (5)
 y - a wand of charming (20)
 A - a wand of paralysis (12)
 D - a wand of polymorph (51)
 E - a wand of random effects (80)
 F - a wand of flame (35)
 I - a wand of mindburst (43)
Scrolls
 c - 5 scrolls of amnesia
 e - 16 scrolls of teleportation
 h - 3 scrolls of fear
 k - 5 scrolls of enchant weapon
 n - 3 scrolls of fog
 x - a scroll of torment {unknown}
 C - 2 scrolls of summoning
 H - 2 scrolls of brand weapon
 K - a scroll of holy word
 M - 3 scrolls of vulnerability
 N - a scroll of blinking
 R - 2 scrolls of immolation
 V - 4 scrolls of enchant armour
Potions
 d - 16 potions of curing
 f - a potion of invisibility
 g - 6 potions of berserk rage
 i - 3 potions of brilliance
 j - 6 potions of flight
 m - a potion of cancellation
 t - 2 potions of mutation
 w - 6 potions of haste
 B - 5 potions of magic
 G - 4 potions of might
 O - 5 potions of ambrosia
 Q - 6 potions of resistance


   Skills:
 + Level 8.3 Fighting
 * Level 14.5 Short Blades
 + Level 5.7 Armour
 - Level 10.0 Dodging
 * Level 19.6 Stealth
 - Level 7.2 Shields
 + Level 11.9 Spellcasting
 * Level 15.9 Hexes
 * Level 8.1 Summonings
 - Level 6.0 Translocations
 + Level 8.6 Transmutations
 - Level 9.0 Ice Magic


You had one spell level left.
You knew the following spells:

 Your Spells              Type           Power        Failure   Level
a - Yara's Violent Unrav  Hex/Tmut       32%          1%          5
b - Ensorcelled Hibernat  Hex/Ice        100%         0%          2
c - Confusing Touch       Hex            74%          0%          3
d - Tukima's Dance        Hex            74%          0%          3
e - Summon Ice Beast      Ice/Summ       53%          1%          4
f - Metabolic Englaciati  Hex/Ice        32%          1%          5
g - Apportation           Tloc           84%          1%          1
q - Blink                 Tloc           N/A          1%          2
x - Discord               Hex            37%          22%         8
z - Invisibility          Hex            74%          1%          6

Your spell library contained the following spells:

 Spells                   Type           Power        Failure   Level
 Corona                   Hex            82%          0%          1
 Animate Skeleton         Necr           28%          1%          1
 Beastly Appendage        Tmut           100%         1%          1
 Foxfire                  Conj/Fire      56%          1%          1
 Magic Dart               Conj           56%          1%          1
 Pain                     Necr           56%          1%          1
 Sandblast                Erth           28%          1%          1
 Summon Small Mammal      Summ           100%         1%          1
 Slow                     Hex            74%          0%          2
 Call Imp                 Summ           52%          1%          2
 Passwall                 Tmut/Erth      28%          1%          2
 Wereblood                Tmut           53%          1%          2
 Call Canine Familiar     Summ           52%          1%          3
 Dazzling Flash           Conj/Hex       100%         1%          3
 Gell's Gravitas          Tloc           21%          1%          3
 Inner Flame              Hex/Fire       51%          1%          3
 Lesser Beckoning         Tloc           21%          1%          3
 Portal Projectile        Hex/Tloc       100%         1%          3
 Spider Form              Tmut/Pois      17%          1%          3
 Summon Guardian Golem    Hex/Summ       64%          1%          3
 Cause Fear               Hex            37%          1%          4
 Ice Form                 Ice/Tmut       54%          1%          4
 Leda's Liquefaction      Hex/Erth       25%          1%          4
 Manifold Assault         Tloc           42%          1%          4
 Passage of Golubria      Tloc           N/A          1%          4
 Blade Hands              Tmut           26%          1%          5
 Silence                  Hex/Air        25%          1%          5
 Animate Armour           Summ/Erth      66%          3%          4
 Petrify                  Tmut/Erth      34%          3%          4
 Summon Lightning Spire   Summ/Air       33%          3%          4
 Summon Forest            Summ/Tloc      24%          3%          5
 Conjure Flame            Conj/Fire      14%          7%          3
 Mephitic Cloud           Conj/Pois/Air  14%          7%          3
 Static Discharge         Conj/Air       14%          7%          3
 Stone Arrow              Conj/Erth      28%          7%          3
 Vampiric Draining        Necr           7%           7%          3
 Alistair's Intoxication  Tmut/Pois      22%          11%         5
 Irradiate                Conj/Tmut      17%          11%         5
 Shadow Creatures         Summ           N/A          12%         6
 Animate Dead             Necr           7%           22%         4
 Dispersal                Tloc           21%          30%         6
 Ozocubu's Refrigeration  Ice            27%          45%         7
 Simulacrum               Ice/Necr       17%          50%         6
 Dragon Form              Tmut           26%          50%         7
 Statue Form              Tmut/Erth      22%          52%         6
 Agony                    Necr           14%          54%         5
 Borgnjor's Vile Clutch   Necr/Erth      7%           54%         5
 Lee's Rapid Deconstruct  Erth           7%           54%         5
 Lightning Bolt           Conj/Air       7%           54%         5
 Freezing Cloud           Conj/Ice/Air   14%          73%         6
 Disjunction              Tloc           21%          100%        8
 Ignition                 Fire           7%           100%        8
 Dragon's Call            Summ           26%          100%        9
 Shatter                  Erth           7%           100%        9
 Tornado                  Air            7%           100%        9


Dungeon Overview and Level Annotations

Branches:
Dungeon (15/15)            Temple (1/1) D:6            Lair (6/6) D:9
 Shoals (3/4) Lair:4       Spider (4/4) Lair:4        Slime (0/5) Lair:6
    Orc (2/2) D:11            Elf (1/3) Orc:2        Vaults (0/5) D:13
 Depths (1/5) D:15         Bailey (visited)           IceCv (visited)
Volcano (visited)

Altars:
Ashenzari
Cheibriados
Dithmenos
Elyvilon
Fedhas
Gozag
Hepliaklqana
Kikubaaqudgha
Makhleb
Nemelex Xobeh
Okawaru
Qazlal
Ru
Sif Muna
Trog
Uskayaw
Vehumet
Wu Jian
Xom
Yredelemnul
Zin
The Shining One
Beogh

Shops:
D:4 !(*=   D:6 **(   D:7 [   D:9 ((*   D:11 :   Orc:1 :   Orc:2 *[(=   Elf:1 *[

Portals:
Trove: D:10 (give 7 potions of haste)

Annotations:
D:7 2 transporters, Tarl's ghost, novice TrEE
D:8 1 runed translucent door, sraybest's ghost, novice HOMo


Innate Abilities, Weirdness & Mutations

You are very small and have problems with some larger weapons.
You are too small for most types of armour.
You have supernaturally acute eyesight. (SInv)
You cover ground extremely quickly.
Your spells are a little easier to cast, but a little less powerful.


Message History

The water nymph flows with the water.
You block the harpy zombie's attack.
The harpy zombie claws you but does no damage.
The harpy zombie misses you. x2
The wind drake flaps its wings at you. The air twists around and strikes you!
* * * LOW HITPOINT WARNING * * *
The harpy zombie completely misses you. The harpy zombie misses you.
A merfolk comes into view.
It is wielding a +0 trident and quivering silver boomerangs.
You block the harpy zombie's attack. x2
The harpy zombie misses you. The harpy zombie claws you.
* * * LOW HITPOINT WARNING * * *
The harpy zombie barely misses you. The harpy zombie completely misses you.
The harpy zombie completely misses you. The harpy zombie misses you.
The water nymph flows with the water.
The harpy zombie barely misses you. The harpy zombie misses you.
The harpy zombie completely misses you. The harpy zombie barely misses you.
You see here a leather armour.
The harpy zombie claws you.
* * * LOW HITPOINT WARNING * * *
The harpy zombie closely misses you.
A kraken comes into view.
The water nymph flows with the water.
The harpy zombie misses you. You block the harpy zombie's attack.
Tentacles burst out of the water! 4 tentacles come into view.
Blink to where?
Press: ? - help, Dir - move target
As you read the scroll of blinking, it crumbles to dust.
A satyr comes into view. It is wielding a +0 club.
A merfolk siren comes into view. It is wielding a +0 trident.
The merfolk siren chants a haunting song.
You easily resist.
The tentacle slaps you!
* * * LOW HITPOINT WARNING * * *
You block the tentacle's attack.
The satyr unwields a +0 club.
The satyr wields a +0 longbow.
The satyr shoots an arrow.
You block the arrow. The tentacle slaps you!!
You die...
Your body crumbles into a pile of gold.

≈≈≈≈≈≈≈≈≈≈.(..≈≈≈$..m.≈≈≈≈≈≈≈...≈
≈≈≈≈≈≈≈≈≈.....≈k................≈
≈≈≈≈≈≈≈≈$≈.....≈............≈≈,≈≈
≈≈≈≈≈≈≈≈≈≈...........≈.#.....≈≈≈≈
≈≈≈≈≈≈≈≈≈≈...........≈≈(.....≈≈≈≈
≈≈≈≈≈≈≈≈≈≈....########.......≈≈≈≈
≈≈≈≈≈≈≈≈≈≈≈..## #####c.≈..≈≈≈≈≈≈≈
≈≈≈≈≈≈≈≈≈≈#### ##......m≈≈≈≈≈≈≈≈≈
≈≈≈≈≈≈≈≈≈≈# *#@w≈≈≈...≈≈≈≈..≈≈≈
≈≈≈≈≈≈≈≈≈[## #www≈≈≈(≈≈.?....≈≈,
≈≈≈≈≈≈≈≈≈..####.≈X≈≈≈≈≈.....#.,≈≈
≈≈≈≈≈≈≈≈≈≈..#..≈Z≈≈≈≈≈≈≈..###,,≈≈
≈≈≈≈≈≈≈≈≈≈≈≈Z≈≈≈≈≈≈≈≈≈≈...# **,≈≈
≈≈≈≈≈≈≈≈≈≈≈≈m≈≈≈≈≈≈≈≈≈≈≈..# **,,≈
≈≈≈≈≈≈≈≈≈≈≈≈≈≈≈≈≈≈≈≈≈≈≈≈≈.#**,,,≈
≈≈≈≈≈≈≈≈≈≈≈≈≈≈≈≈≈≈≈≈≈≈≈≈≈≈,,,,≈,,
≈≈≈≈≈≈≈≈≈≈≈≈≈≈≈≈≈≈≈≈≈≈≈≈≈≈≈,≈≈≈≈≈


You could see a kraken, a satyr, 4 tentacles, a merfolk siren, a water nymph and
a harpy zombie.

Vanquished Creatures
  Arachne (Spider:4)
  An Ice Fiend (IceCv)
  Rupert (D:13)
  Polyphemus (Shoals:3)
  A kraken (Shoals:2)
  Frances (Spider:1)
  Agnes (Spider:2)
  Roxanne (Spider:4)
  Louise (Spider:2)
  Ilsuiw (Shoals:3)
  A fire giant (D:15)
  A deep elf sorcerer (Elf:1)
  4 ghost moths
  An orc warlord (Bailey)
  4 emperor scorpions
  Azrael (Spider:1)
  2 stone giants
  4 entropy weavers
  A spark wasp (Depths:1)
  Snorg (D:13)
  3 ettins (Orc:2)
  A merfolk impaler (Shoals:1)
  A fire dragon (Lair:6)
  A vault guard (D:13)
  Harold (Lair:2)
  Josephine (D:10)
  7 boulder beetles
  7 hydras
  2 catoblepae
  3 centaur warriors
  9 death yaks
  2 merfolk aquamancers
  3 two-headed ogres
  Urug (Lair:1)
  A skeletal warrior (D:9)
  An unseen horror (D:15)
  6 sea snakes
  Pikel (D:7)
  A lindwurm (Lair:6)
  10 harpies (Shoals:1)
  12 cyclopes
  An orb spider (shapeshifter) (D:15)
  20 ugly things
  33 wolf spiders
  6 manticores
  3 orc knights
  An orc sorcerer (Orc:2)
  17 orb spiders
  11 fauns
  10 merfolk sirens
  5 elephants (Lair:5)
  A toenail golem (Volcano)
  Maurice (D:10)
  4 moths of wrath
  3 ice statues
  4 black mambas
  3 molten gargoyles (Volcano)
  8 torpor snails
  Maggie (D:6)
  2 gargoyles (D:11)
  3 rime drakes
  5 efreet
  10 komodo dragons
  10 cane toads
  A redback zombie (D:13)
  The ghost of pigah the Covert, a novice OpWn (D:3)
  A freezing wraith (D:13)
  9 ice devils (IceCv)
  15 demonic crawlers
  A queen bee (D:9)
  2 harpy zombies (Shoals:3)
  A polar bear (shapeshifter) (D:15)
  8 trolls
  4 tyrant leeches (Lair:6)
  11 merfolk
  38 jumping spiders
  13 hornets
  11 polar bears (Lair:6)
  2 wind drakes
  15 blink frogs
  6 slime creatures
  11 snapping turtles
  4 dream sheep (Shoals:2)
  51 redbacks
  9 water elementals
  2 shadows
  12 wyverns
  27 tarantellas
  5 wraiths (D:10)
  6 basilisks
  25 yaks
  6 fire elementals
  4 vampire mosquitoes (D:12)
  2 steam dragons (D:9)
  8 wargs
  A soldier ant (D:13)
  20 hell hounds
  Duvessa (D:6)
  14 water moccasins
  20 orc warriors
  4 sky beasts
  An ice beast (D:13)
  3 necrophages
  A manticore zombie (Shoals:3)
  2 eyes of draining
  13 black bears
  13 centaurs
  23 wolves
  10 ogres
  A lemure (D:7)
  A kobold brigand (D:10)
  9 phantoms
  2 earth elementals (Volcano)
  21 bullfrogs
  A gnoll sergeant (D:9)
  A wyvern skeleton (D:14)
  Dowan (D:6)
  4 scorpions
  23 killer bees
  13 wights
  2 electric eels (Lair:2)
  3 centaur zombies
  10 jellies
  A lava snake (D:15)
  3 bullfrog zombies
  3 quasits
  4 centaur skeletons
  10 hounds
  Crazy Yiuf (D:2)
  12 orc priests
  5 bullfrog skeletons
  Jessica (D:3)
  5 iguanas
  25 orc wizards
  15 worker ants
  A killer bee zombie (D:9)
  A hound zombie (D:6)
  A hound skeleton (D:11)
  4 gnolls
  6 adders
  A shadow imp (D:5)
  6 white imps
  13 ufetubi
  8 oozes (D:4)
  3 adder skeletons
  An adder zombie (D:5)
  3 worms
  2 dart slugs (D:1)
  5 leopard geckos
  97 orcs
  A bat (D:2)
  2 bat zombies
  9 giant cockroaches
  9 goblins
  16 hobgoblins
  5 jackals
  7 quokkas
  3 ball pythons
  5 frilled lizards
  33 kobolds
  6 rats
  3 rat zombies (D:5)
  A fire vortex (Volcano)
1132 creatures vanquished.

Vanquished Creatures (collateral kills)
  A merfolk avatar (Shoals:1)
  A faun (Shoals:1)
  A water nymph (Shoals:2)
  A water elemental (Shoals:1)
4 creatures vanquished.

Vanquished Creatures (others)
  A harpy (Shoals:1)
  A moth of wrath (Spider:3)
  4 white imps (IceCv)
  2 ufetubi (IceCv)
  A fire vortex (Volcano)
  9 fungi
  70 plants
  4 tentacles (Shoals:2)
  10 toadstools (D:4)
102 creatures vanquished.

Grand Total: 1238 creatures vanquished

Notes
Turn   | Place    | Note
-------+----------+-------------------------------------------
     0 | D:1      | littlecub the Spriggan Enchanter began the quest for the
                  | Orb.
     0 | D:1      | Reached XP level 1. HP: 9/9 MP: 5/5
   832 | D:1      | Reached XP level 2. HP: 5/13 MP: 4/6
  1025 | D:1      | Learned a level 2 spell: Ensorcelled Hibernation
  1770 | D:2      | Found a runed translucent door.
  1771 | D:2      | Noticed Crazy Yiuf
  1781 | D:2      | Killed Crazy Yiuf
  1782 | D:2      | Reached skill level 5 in Stealth
  1782 | D:2      | Reached XP level 3. HP: 6/17 MP: 2/8
  2545 | D:2      | Found a burning altar of Makhleb.
  2595 | D:2      | Learned a level 3 spell: Confusing Touch
  2640 | D:2      | Reached XP level 4. HP: 21/21 MP: 4/9
  3204 | D:3      | Noticed pigah's ghost (novice OpWn)
  3209 | D:3      | Found a runed translucent door.
  3324 | D:3      | Noticed Jessica
  3338 | D:3      | Killed Jessica
  3344 | D:3      | Reached skill level 1 in Fighting
  3364 | D:3      | Reached XP level 5. HP: 25/25 MP: 1/10
  3537 | D:3      | Learned a level 3 spell: Tukima's Dance
  3657 | D:3      | Reached skill level 1 in Ice Magic
  4076 | D:4      | Noticed a phantom
  4078 | D:4      | Found Lomeahab's Antique Weapon Emporium.
  4096 | D:3      | Killed a phantom
  4097 | D:3      | Reached skill level 6 in Stealth
  4097 | D:3      | Reached XP level 6. HP: 16/30 MP: 3/12
  4256 | D:4      | Reached skill level 5 in Hexes
  4553 | D:4      | Got a steaming war axe
  4554 | D:4      | Identified the +9 war axe "Ofist" {drain, *Drain Str+8
                  | Dex+2} (You found it on level 4 of the Dungeon)
  4663 | D:4      | Found Ymimeeteb's General Store.
  4675 | D:4      | Bought a potion of heal wounds for 50 gold pieces
  4675 | D:4      | Bought a potion of curing for 30 gold pieces
  5376 | D:4      | Reached XP level 7. HP: 22/30 MP: 2/13
  5541 | D:4      | Reached skill level 7 in Stealth
  5731 | D:4      | Found Qirutos's Distillery.
  5736 | D:4      | Bought a potion of haste for 130 gold pieces
  5868 | D:4      | Found Mifuucw's Jewellery Boutique.
  6333 | D:5      | Entered Level 5 of the Dungeon
  6685 | D:5      | Reached XP level 8. HP: 39/39 MP: 15/15
  6729 | D:5      | Reached skill level 8 in Stealth
  7782 | D:5      | Found an ancient bone altar of Kikubaaqudgha.
  7888 | D:6      | Reached skill level 5 in Dodging
  7920 | D:6      | Reached skill level 5 in Short Blades
  7937 | D:6      | Found a staircase to the Ecumenical Temple.
  7948 | Temple   | Entered the Ecumenical Temple
  8315 | D:6      | Noticed Maggie
  8320 | D:6      | Killed Maggie
  8321 | D:6      | Reached skill level 9 in Stealth
  8357 | D:6      | Found Emeufat's General Store.
  8368 | D:6      | Reached skill level 5 in Spellcasting
  8409 | D:6      | Bought a scroll of identify for 26 gold pieces
  8435 | D:7      | Found a transporter.
  8441 | D:7      | Found a transporter.
  8549 | D:7      | Found Cumniz's Armour Shoppe.
  8562 | D:7      | Reached XP level 9. HP: 43/43 MP: 17/17
  8864 | D:7      | Noticed Tarl's ghost (novice TrEE)
  8889 | D:7      | Identified the ring "Minomeni" {Wiz rElec rN+ Will+ Stlth+}
  8995 | D:7      | Noticed Pikel
  9007 | D:7      | Killed Pikel
  9008 | D:7      | Reached skill level 1 in Armour
  9008 | D:7      | Reached skill level 10 in Stealth
  9175 | D:7      | Found a hide-covered altar of Uskayaw.
  9614 | D:6      | Noticed Duvessa
  9614 | D:6      | Noticed Dowan
  9934 | D:6      | Killed Dowan
  9945 | D:6      | Killed Duvessa
 10009 | D:6      | Learned a level 2 spell: Blink
 10096 | D:6      | Found Sef Emon's Weapon Shoppe.
 10272 | D:6      | Found Cidodi's General Store.
 10420 | D:8      | Found a shimmering altar of Xom.
 10934 | D:8      | Reached XP level 10. HP: 49/49 MP: 19/19
 11138 | D:9      | Reached skill level 11 in Stealth
 11139 | D:9      | Noticed a boulder beetle
 11501 | D:8      | Found a runed translucent door.
 11502 | D:8      | Found a shimmering altar of Xom.
 11502 | D:8      | Noticed sraybest's ghost (novice HOMo)
 11503 | D:8      | Noticed a +1 mace of chaos
 11819 | D:9      | Killed a boulder beetle
 11885 | D:9      | Noticed a centaur warrior
 11890 | D:9      | Killed a centaur warrior
 11901 | D:9      | Noticed a purple ugly thing
 11907 | D:9      | Killed a purple ugly thing
 12131 | D:9      | Noticed a centaur warrior
 12139 | D:9      | Killed a centaur warrior
 12140 | D:9      | Reached skill level 12 in Stealth
 12170 | D:9      | Noticed a skeletal warrior
 12200 | D:9      | Identified the Incunabulum of Dislocated Earth
 12220 | D:9      | Reached XP level 11. HP: 53/53 MP: 10/22
 12229 | D:9      | Upgraded the game from 0.27-a0-380-g150de4c316 to
                  | 0.27-a0-385-g3208abaabc
 12315 | D:9      | Identified the +9 quarterstaff of Freezing Blind Justice
                  | {protect, MP+9}
 12796 | D:9      | Killed a skeletal warrior
 13215 | D:9      | Found an opulent altar of Gozag.
 13216 | D:9      | Found a glowing silver altar of Zin.
 13217 | D:9      | Found a shadowy altar of Dithmenos.
 13218 | D:9      | Found a basalt altar of Yredelemnul.
 13230 | D:9      | Became a worshipper of Gozag Ym Sagoz the Greedy
 13300 | D:7      | Bought a +2 hat of intelligence for 294 gold pieces
 13381 | D:9      | Learned a level 4 spell: Summon Ice Beast
 13387 | D:9      | Learned a level 5 spell: Metabolic Englaciation
 13423 | D:9      | Reached skill level 1 in Translocations
 14313 | D:9      | Reached skill level 10 in Hexes
 14357 | D:9      | Reached skill level 1 in Shields
 14357 | D:9      | Found a staircase to the Lair.
 15155 | D:4      | Bought the ring of Gayheol {rC+ AC+4 Int+3} for 731 gold
                  | pieces
 15279 | D:10     | Entered Level 10 of the Dungeon
 15364 | D:10     | Reached skill level 1 in Summonings
 15516 | D:10     | Noticed Josephine
 15516 | D:10     | Noticed Maurice
 15612 | D:10     | Killed Josephine
 15613 | D:10     | Reached skill level 13 in Stealth
 15622 | D:10     | Killed Maurice
 16626 | D:10     | Found a sparkling altar of Nemelex Xobeh.
 16978 | D:10     | Found a portal to a secret trove of treasure.
 17136 | D:3      | Killed pigah's ghost
 17234 | D:6      | Bought a potion of heal wounds for 65 gold pieces
 17234 | D:6      | Bought a potion of curing for 39 gold pieces
 17234 | D:6      | Bought a potion of haste for 130 gold pieces
 17234 | D:6      | Bought a scroll of vulnerability for 97 gold pieces
 17234 | D:6      | Bought a potion of lignification for 39 gold pieces
 17401 | D:11     | Reached XP level 12. HP: 57/59 MP: 8/24
 17445 | D:11     | Reached skill level 5 in Ice Magic
 17465 | D:11     | Noticed a four-headed hydra
 17495 | D:11     | Found a flagged portal.
 17517 | Bailey   | Entered a bailey
 17560 | Bailey   | Noticed an orc warlord
 17878 | Bailey   | Found a runed translucent gate.
 17881 | Bailey   | Found a runed translucent gate.
 17882 | Bailey   | Found a runed translucent gate.
 18067 | Bailey   | Learned a level 1 spell: Apportation
 18199 | Bailey   | Killed an orc warlord
 18200 | Bailey   | Reached skill level 5 in Fighting
 18739 | D:11     | Killed a four-headed hydra
 19284 | D:11     | Found Qiust's Book Boutique.
 19292 | D:11     | Bought a book of Party Tricks for 600 gold pieces
 19305 | D:11     | Reached skill level 14 in Stealth
 19315 | D:11     | Identified a scroll of acquirement
 19316 | D:11     | Acquired the +3 hat of Pondering {ponderous, Will+ MP+10
                  | Int+5}
 19317 | D:11     | Found the +3 hat of Pondering {ponderous, Will+ MP+10
                  | Int+5}
 19484 | D:11     | Found a staircase to the Orcish Mines.
 19568 | D:11     | Found a roughly hewn altar of Beogh.
 19865 | D:12     | Noticed a two-headed ogre
 19871 | D:12     | Killed a two-headed ogre
 19959 | D:12     | Noticed a two-headed ogre
 19962 | D:12     | Killed a two-headed ogre
 20013 | D:12     | Reached skill level 5 in Translocations
 20052 | D:12     | Reached skill level 10 in Short Blades
 20414 | D:12     | Noticed an eight-headed hydra
 20416 | D:12     | Killed an eight-headed hydra
 20424 | D:12     | Learned a level 6 spell: Invisibility
 20671 | Lair:1   | Entered Level 1 of the Lair of Beasts
 20682 | Lair:1   | Noticed a four-headed hydra
 20709 | Lair:1   | Killed a four-headed hydra
 20816 | Lair:1   | Noticed Urug
 20823 | Lair:1   | Killed Urug
 21030 | Lair:1   | Reached XP level 13. HP: 64/64 MP: 26/26
 22109 | Lair:2   | Noticed Harold
 22116 | Lair:2   | Killed Harold
 22319 | Lair:2   | Found a runed translucent door.
 22345 | Lair:2   | Got a translucent whip
 22363 | Lair:2   | Identified the +4 whip "Didod" {venom, rElec rPois rF++
                  | Will-} (You found it on level 2 of the Lair of Beasts)
 23337 | Lair:3   | Reached skill level 15 in Stealth
 23967 | Lair:4   | Found a staircase to the Shoals.
 24071 | Lair:4   | Found a dark tunnel.
 24104 | Volcano  | Entered a volcano
 24473 | Lair:4   | Reached XP level 14. HP: 69/69 MP: 27/27
 24810 | Lair:4   | Found a hole to the Spider Nest.
 25702 | Lair:5   | Reached XP level 15. HP: 73/73 MP: 29/29
 26255 | Lair:6   | Entered Level 6 of the Lair of Beasts
 26256 | Lair:6   | Found a staircase to the Slime Pits.
 26335 | Lair:6   | Learned a level 5 spell: Yara's Violent Unravelling
 26582 | Lair:6   | Reached skill level 1 in Transmutations
 27704 | Lair:6   | Reached skill level 16 in Stealth
 27706 | Lair:6   | Reached skill level 10 in Dodging
 28120 | Lair:6   | Found a runed translucent door.
 28626 | D:9      | Bought a runed dagger for 90 gold pieces
 28649 | D:9      | Bought a scroll of teleportation for 93 gold pieces
 28649 | D:9      | Bought a scroll of enchant weapon for 232 gold pieces
 28649 | D:9      | Bought a shiny ring mail for 217 gold pieces
 28649 | D:9      | Bought a scroll of identify for 62 gold pieces
 28742 | Orc:1    | Entered Level 1 of the Orcish Mines
 28762 | Orc:1    | Found a roughly hewn altar of Beogh.
 29115 | Orc:1    | Found Pozehuops's Book Emporium.
 29124 | Orc:1    | Bought a book of Hexes for 800 gold pieces
 29289 | Orc:2    | Entered Level 2 of the Orcish Mines
 29324 | Orc:2    | Found Kouboc's Antique Weapon Shop.
 29650 | Orc:2    | Found Kuny Akke's General Store.
 29712 | Orc:2    | Found Ywnebruy's Antique Armour Shoppe.
 29864 | Orc:2    | Gained mutation: Your spells are a little easier to cast,
                  | but a little less powerful. [mutagenic glow]
 30020 | Orc:2    | Found Qimia's Jewellery Shop.
 30067 | Orc:2    | Found a staircase to the Elven Halls.
 30242 | Orc:2    | Found a bloodstained altar of Trog.
 30607 | D:13     | Noticed Rupert
 30612 | D:13     | Killed Rupert
 31147 | D:13     | Found a gate to the Vaults.
 31188 | D:13     | Noticed Snorg
 31193 | D:13     | Killed Snorg
 31262 | D:14     | Reached XP level 16. HP: 79/79 MP: 30/30
 31603 | D:14     | Reached skill level 10 in Spellcasting
 32402 | D:15     | Entered Level 15 of the Dungeon
 32579 | Orc:2    | Bought twisted swamp dragon scales for 1925 gold pieces
 32590 | Orc:2    | Identified the +9 swamp dragon scales of the Good {rPois
                  | Dex+7} (You bought it in a shop on level 2 of the Orcish
                  | Mines)
 32974 | D:15     | Reached skill level 17 in Stealth
 33027 | D:15     | Found a staircase to the Depths.
 33341 | D:15     | Reached skill level 5 in Transmutations
 33508 | D:15     | Reached skill level 5 in Summonings
 34059 | Spider:1 | Entered Level 1 of the Spider Nest
 34433 | Spider:1 | Noticed Azrael
 34445 | Spider:1 | Killed Azrael
 34728 | Spider:1 | Noticed Frances
 34752 | Spider:1 | Killed Frances
 35242 | Spider:2 | Noticed Agnes
 35263 | Spider:2 | Killed Agnes
 36076 | Spider:2 | Noticed Louise
 36080 | Spider:2 | Killed Louise
 36719 | Spider:3 | Reached XP level 17. HP: 84/84 MP: 31/32
 36739 | Spider:3 | Reached skill level 18 in Stealth
 37369 | Spider:3 | Acquired the amulet "Eri Ywuw" {RegenMP Str+5}
 37554 | Spider:4 | Entered Level 4 of the Spider Nest
 37667 | Spider:4 | Identified Roxanne's Grimoire of Transmutation
 37667 | Spider:4 | Noticed Roxanne
 38526 | Spider:4 | Noticed Arachne
 38939 | Orc:1    | Bought a manual of Armour for 1766 gold pieces
 39272 | Spider:4 | Killed Roxanne
 39406 | Spider:4 | Killed Arachne
 39938 | Spider:4 | Reached skill level 15 in Hexes
 40409 | Spider:4 | Got a gossamer rune of Zot
 40973 | Depths:1 | Entered Level 1 of the Depths
 41712 | Elf:1    | Entered Level 1 of the Elven Halls
 41712 | Elf:1    | Found an ancient bone altar of Kikubaaqudgha.
 41730 | Elf:1    | Found Tyclug's Antique Armour Boutique.
 41758 | Elf:1    | Found Tiybu Qylof's Assorted Antiques.
 41804 | Elf:1    | Bought a potion of flight for 84 gold pieces
 41804 | Elf:1    | Bought a scroll of identify for 56 gold pieces
 42233 | Shoals:1 | Entered Level 1 of the Shoals
 42246 | Shoals:1 | Reached skill level 19 in Stealth
 43075 | Shoals:1 | Reached XP level 18. HP: 83/84 MP: 34/34
 43227 | Shoals:1 | Reached skill level 5 in Armour
 44090 | Shoals:1 | Learned a level 8 spell: Discord
 44977 | Shoals:3 | Noticed Polyphemus
 44997 | Shoals:3 | Killed Polyphemus
 45045 | Shoals:3 | Noticed Ilsuiw
 45088 | Shoals:3 | Killed Ilsuiw
 45179 | Shoals:3 | Found a frozen archway.
 45272 | IceCv    | Entered an ice cave
 45756 | IceCv    | Noticed an Ice Fiend
 46156 | IceCv    | Killed an Ice Fiend
 46454 | IceCv    | Noticed an Ice Fiend
 46952 | Shoals:3 | Mangled by a tentacle

Illustrated notes

Levels and vault maps discovered:
D:1:      heliophobic_arrival_glass_houses, layout_loops_ring
D:2:      layout_basic, makhleb_grotto_becter, uniq_crazy_yiuf_cottage
D:3:      layout_loops_ring, hellmonk_ghost_happy_afterlife,
          minmay_misc_feat_columns, uniq_jessica
D:4:      cheibrodos_fertilizer, layout_basic, serial_shops, shop,
          nicolae_shop_stone, shop, kennysheep_mini, grunt_decor_one_mirror,
          minmay_a_box_with_orc_wizards_in_it
D:5:      minmay_recursive_quarters, layout_basic,
          lemuel_zombie_altar_kikubaaqudgha
D:6:      layout_rooms, minmay_temple_entry_large_hall, serial_shops, shop,
          kennysheep_mini_moat, nicolae_shop_behind_doors, uniq_maggie,
          uniq_duvessa
D:7:      layout_loops_ring, eat_drink_and_be_merry_uskayaw,
          gammafunk_ghost_gnarly_gnolls, serial_shops, shop, uniq_pikel
D:8:      layout_basic, ebering_ghost_xom, amcnicky_altar_gilded
D:9:      minmay_the_grid_square_5x5_4x4 [minmay_the_grid_square_5x5_inner_v,
          minmay_the_grid_square_5x5_empty,
          minmay_the_grid_square_5x5_broken_cross,
          minmay_the_grid_square_5x5_spiral_small, minmay_the_grid_square_5x5_z,
          minmay_the_grid_square_5x5_prize_gold,
          minmay_the_grid_square_5x5_prize_rear_guard,
          minmay_the_grid_square_5x5_half_checkered,
          minmay_the_grid_square_5x5_six_small,
          minmay_the_grid_square_5x5_prize_snowflake,
          minmay_the_grid_square_5x5_prize_waves,
          minmay_the_grid_square_5x5_tri_point,
          minmay_the_grid_square_5x5_pentomino_r,
          minmay_the_grid_square_5x5_sharp_hourglass,
          minmay_the_grid_square_5x5_hourglass,
          minmay_the_grid_square_5x5_three_walls], layout_basic,
          chequers_temple_overflow_statue_of_worship, erik_lair_dragon,
          serial_corexii_hall, corexii_hall_statues_l, chequers_hall_statues_y,
          corexii_hall_statues_i, chequers_hall_statues_wall_a,
          nicolae_looking_at_the_future
D:10:     layout_roguey, enter_trove_3, special_room [special_room_orc],
          roderic_roman_lattice, nemelex_diamond_rough_becter, uniq_josephine,
          uniq_maurice
D:11:     layout_loops_cross, minmay_orc_entry_temple_small, enter_bailey_5,
          serial_shops, nicolae_shop_competitors_out_of_business
D:12:     layout_loops_ring
D:13:     layout_long_grid, david_vaults_5, uniq_snorg, uniq_rupert
D:14:     layout_long_grid, grunt_ministairs_9, minmay_misc_feat_x
D:15:     grunt_enter_depths_giant_problem, layout_grid_maze,
          minmay_misc_feat_more_columns, nicolae_lava_and_water,
          chequers_hall_statues_wall_a
Temple:   regret_index_temple_generic_petals
Lair:1:   layout_cave_pods, grunt_megastairs_1, lemuel_fruit_fields, uniq_urug
Lair:2:   gammafunk_indiana_jones, layout_cellular_growth, grunt_megastairs_2,
          serial_bayou_shore_a, uniq_harold
Lair:3:   layout_hall_layers, infiniplex_staircase_pool
Lair:4:   layout_loops_ring, shoals_dummy_entry, dummy_spider_entry,
          nicolae_volcano_entry_two_sided, minivault_23, beast_lair_carwin_9
Lair:5:   layout_small_grid, st_stairs_8, nicolae_lair_yak_garden,
          serial_bayou_shore_b, grunt_megastairs_4
Lair:6:   wormcave, layout_gridlike, hangedman_lair_caniforms_friends,
          slime_dummy, infiniplex_staircase_pool_2, lemuel_fruit_tree
Shoals:1: layout_shoals, nicolae_shoals_stone_sculpture_thing
Shoals:2: layout_shoals, nicolae_shoals_kraken_intersection
Shoals:3: layout_shoals, portal_ice_cave_entry_ice_statue_one,
          nicolae_shoals_undead_eyrie, uniq_ilsuiw, uniq_aizul, uniq_jorgrun,
          uniq_polyphemus
Spider:1: layout_spider_delve, drop_trap, uniq_frances, uniq_azrael
Spider:2: layout_chambers, uniq_louise, uniq_agnes
Spider:3: layout_spider_delve, hangedman_spider_tarantella_strand
Spider:4: grunt_spider_rune_parallel, uniq_arachne, uniq_roxanne
Orc:1:    layout_diamond_mine, serial_shops, shop, basic_altar
Orc:2:    grunt_orc_gardens, layout_diamond_mine, grunt_orc_garden,
          grunt_orc_garden, grunt_orc_garden, grunt_orc_garden, trog_book
Elf:1:    layout_geoelf_grid, basic_altar, serial_shops, shop, shop_coins, shop,
          nicolae_shop_overgrown_old_shop, shop, minmay_elf_sorcery
Depths:1: layout_gridlike, lightli_too_deep, minmay_crystal_box,
          grunt_megastairs_5

Skill      XL: |  1  2  3  4  5  6  7  8  9 10 11 12 13 14 15 16 17 18 |
---------------+-------------------------------------------------------+-----
Short Blades   | 2 3 4 5 6 8 9 10 11 12 13 14 | 14.5
Dodging        | 3 4 5 6 7 8 9 10 | 10.0
Stealth        | 5 6 7 9 10 12 13 14 15 16 17 19 | 19.6
Spellcasting   | 3 4 5 6 7 8 9 10 11 | 11.9
Hexes          | 4 5 6 7 8 9 10 11 12 13 14 15 | 15.9
Fighting       | 1 2 3 4 5 6 7 8 |  8.3
Ice Magic      | 1 2 3 4 6 7 8 9 |  9.0
Armour         | 1 2 3 4 5 |  5.7
Translocations | 3 5 6 |  6.0
Shields        | 1 2 6 7 |  7.2
Summonings     | 1 2 3 4 6 7 8 |  8.1
Transmutations | 4 6 7 8 |  8.6

Action                   |  1- 3 |  4- 6 |  7- 9 | 10-12 | 13-15 | 16-18 || total
-------------------------+-------+-------+-------+-------+-------+-------++-------
Melee: Dagger            |    94 |   120 |   339 |   572 |   580 |  1130 ||  2835
       Whip              |       |       |       |       |     7 |       ||     7
Throw: Dart              |       |       |       |    34 |       |       ||    34
 Cast: Corona            |    11 |       |       |     1 |       |       ||    12
       Ensorcelled Hiber |    24 |    63 |    90 |   237 |   266 |   356 ||  1036
       Confusing Touch   |       |     2 |    23 |    47 |    22 |    45 ||   139
       Tukima's Dance    |       |       |     2 |       |       |     1 ||     3
       Apportation       |       |       |       |     8 |       |       ||     8
       Blink             |       |       |       |     1 |     1 |     2 ||     4
       Invisibility      |       |       |       |       |     9 |    24 ||    33
       Metabolic Englaci |       |       |       |       |     4 |     6 ||    10
       Yara's Violent Un |       |       |       |       |     4 |    13 ||    17
       Summon Ice Beast  |       |       |       |       |       |    13 ||    13
Invok: Call Merchant     |       |       |       |       |     3 |       ||     3
Evoke: Wand              |       |       |     1 |       |       |    34 ||    35
  Use: Scroll            |       |     4 |     3 |    11 |    11 |     7 ||    36
       Potion            |       |       |       |     1 |     6 |     9 ||    16
 Stab: Sleeping          |    19 |    52 |    75 |   190 |   219 |   216 ||   771
       Confused          |       |     2 |    24 |    44 |    21 |    51 ||   142
       Distracted        |       |     1 |     2 |     3 |     6 |    19 ||    31
       Invisible         |       |       |       |       |    49 |   146 ||   195
       Held in net/web   |       |       |       |       |       |     2 ||     2
Armor: Robe              |    10 |    13 |     9 |       |       |     3 ||    35
       Swamp dragon scal |       |       |    23 |    56 |   100 |   303 ||   482
Dodge: Dodged            |    59 |    95 |   279 |   331 |   400 |  1195 ||  2359
Block: Buckler           |       |       |       |   128 |    25 |   569 ||   722

Table legend: (Time is in decaauts)
 A = Elapsed time spent in this place.
 B = Non-inter-level travel time spent in this place.
 C = Inter-level travel time spent in this place.
 D = Time resting spent in this place.
 E = Time spent auto-exploring this place.
 F = Levels seen in this place.
 G = Mean time per level.
                   A        B        C        D        E       F      G
               +--------+--------+--------+--------+--------+-----+--------+
         Total |  37182 |  34200 |   2982 |   5948 |  20521 |  36 | 1032.8 |
       Dungeon |  18865 |  17072 |   1793 |   2648 |  11133 |  15 | 1257.7 |
        Temple |    148 |    129 |     19 |      0 |    126 |   1 |  148.0 |
          Lair |   6180 |   5636 |    544 |    273 |   4137 |   6 | 1030.0 |
        Shoals |   2962 |   2872 |     90 |    671 |   1474 |   3 |  987.3 |
   Spider Nest |   5060 |   4828 |    232 |   1186 |   2432 |   4 | 1265.0 |
  Orcish Mines |   1701 |   1399 |    302 |    214 |    823 |   2 |  850.5 |
   Elven Halls |    135 |    135 |      0 |      0 |     62 |   1 |  135.0 |
        Depths |     20 |     20 |      0 |      0 |      0 |   1 |   20.0 |
        Bailey |    666 |    666 |      0 |    242 |    104 |   1 |  666.0 |
      Ice Cave |   1175 |   1175 |      0 |    674 |    227 |   1 | 1175.0 |
       Volcano |    266 |    266 |      0 |     38 |      0 |   1 |  266.0 |
               +--------+--------+--------+--------+--------+-----+--------+

Top non-repeatable levels by time:
     D:9: 2628 daAuts
Spider:3: 1977 daAuts
  Lair:6: 1777 daAuts
Shoals:1: 1656 daAuts
     D:5: 1576 daAuts
     D:4: 1570 daAuts
    D:10: 1441 daAuts
     D:1: 1438 daAuts
     D:8: 1422 daAuts
    D:15: 1387 daAuts
    D:11: 1368 daAuts
Spider:2: 1345 daAuts
   IceCv: 1175 daAuts
     D:3: 1130 daAuts
  Lair:5: 1019 daAuts
